 Dungeon Crawl Stone Soup version 0.29-a0-520-gc852659d43 (webtiles) character file.

Game seed: 16982404475847815412

60 inmateoo the Skirmisher (level 3, 0/29 HPs)
             Began as a Demonspawn Fighter on May 31, 2022.
             Succumbed to a scorpion's poison
             ... on level 2 of the Dungeon.
             The game lasted 00:02:35 (1820 turns).

inmateoo the Skirmisher (Demonspawn Fighter)        Turns: 1820, Time: 00:02:36

Health: 0/29       AC:  8    Str: 18    XL:     3   Next: 80%
Magic:  3/3        EV:  9    Int:  9    God:
Gold:   66         SH:  9    Dex: 12    Spells: 2/2 levels left

rFire   . . .      SeeInvis .     - Unarmed
rCold   . . .      Faith    .   b - +0 buckler
rNeg    . . .      Spirit   .   a - +0 scale mail
rPois   .          Reflect  +   n - +1 helmet
rElec   .          Harm     .   (no cloak)
rCorr   .          Rampage  .   (no gloves)
Will    .....                   (no boots)
Stlth   ..........              m - amulet of reflection
HPRegen 0.09/turn               (no ring)
MPRegen 0.08/turn               (no ring)

@: lethally poisoned (0 -> -16)
A: powered by death 1
a: no special abilities


You were on level 2 of the Dungeon.
You visited 1 branch of the dungeon, and saw 3 of its levels.

You collected 66 gold pieces.

Inventory:

Missiles
 h - 4 poisoned darts (quivered)
Armour
 a - a +0 scale mail (worn)
 b - a +0 buckler (worn)
 n - a +1 helmet (worn)
Jewellery
 m - an amulet of reflection (around neck)
Wands
 g - a wand of paralysis (9)
 q - a wand of flame (20)
Scrolls
 e - 2 scrolls of teleportation {unknown}
 p - a scroll of magic mapping {unknown}
Potions
 c - a potion of might
 d - a potion of haste {unknown}
 f - a potion of attraction {unknown}
 i - 2 potions of resistance {unknown}
 j - a potion of brilliance {unknown}
 k - a potion of heal wounds {unknown}
 l - a potion of lignification {unknown}
 o - a potion of degeneration {unknown}


   Skills:
 + Level 3.3 Fighting
 + Level 3.1 Armour
 + Level 0.3 Dodging
 + Level 3.1 Shields
 * Level 2.7 Unarmed Combat


You had 2 spell levels left.
You didn't know any spells.
Your spell library contained the following spells:

 Spells                   Type           Power      Damage    Failure   Level
 Apportation              Tloc           0%         N/A       86%         1
 Alistair's Intoxication  Tmut/Pois      0%         N/A       100%        5


Dungeon Overview and Level Annotations

Branches:
Dungeon (3/15)

Altars:

Shops:
D:2 :*


Innate Abilities, Weirdness & Mutations

You regenerate a little health from kills.


Message History

You feel sick.
You are no longer poisoned.
The scorpion stings you.
You are poisoned.
The scorpion poisons you!
You barely miss the scorpion.
The scorpion is severely wounded.
You feel very sick. The scorpion barely misses you.
You are too injured to fight recklessly!
You hit the scorpion but do no damage.
The scorpion is severely wounded.
You feel sick.
The scorpion stings you but does no damage.
You are too injured to fight recklessly!
You barely miss the scorpion.
The scorpion is severely wounded.
You feel sick. The scorpion barely misses you.
You closely miss the scorpion.
The scorpion is severely wounded.
You feel sick.
The scorpion stings you but does no damage.
Okay, then.
You closely miss the scorpion.
The scorpion is severely wounded.
You feel sick.
The scorpion stings you but does no damage.
You closely miss the scorpion.
The scorpion is severely wounded.
You feel sick.
The scorpion stings you but does no damage. x2
You hit the scorpion.
The scorpion is almost dead.
The scorpion stings you.
* * * LOW HITPOINT WARNING * * *
You are lethally poisoned!
The scorpion poisons you!
You hit the scorpion.
The scorpion is almost dead.
You die...

#.# # #..# #.###
###. #..# #...
.....### #..## #..
.... ?.. #...# #.#
#..##.####.#.#
###.#
#....#.....#.#
....# #.######.#
....# #.# #.#
##.## ## #@# #.#
#.# .# ##s# #.#
#.# .#.#.(# #.#
#.########.......
#.∩.....>.s......
###########.∩.....
#....... #....(..#
#......


You could see a scorpion.

Vanquished Creatures
  An adder (D:2)
  2 dart slugs
  5 ball pythons
  3 bats
  5 endoplasms
  A giant cockroach (D:2)
  3 goblins
  7 hobgoblins
  4 kobolds
  A quokka (D:1)
  4 frilled lizards
  6 rats
42 creatures vanquished.

Notes
Turn   | Place    | Note
-------+----------+-------------------------------------------
     0 | D:1      | inmateoo the Demonspawn Fighter began the quest for the
                  | Orb.
     0 | D:1      | Reached XP level 1. HP: 18/18 MP: 1/1
   175 | D:1      | Gained mutation: You regenerate a little health from kills.
                  | [demonic ancestry]
   175 | D:1      | Reached XP level 2. HP: 24/24 MP: 2/2
   902 | D:1      | Reached XP level 3. HP: 29/29 MP: 3/3
   963 | D:1      | Found a faded altar of an unknown god.
  1426 | D:2      | Found Ciafar's Book Boutique.
  1437 | D:2      | Found Fecoucas's Assorted Antiques.
  1440 | D:2      | Noticed a scorpion
  1820 | D:2      | Succumbed to a scorpion's poison

Illustrated notes

Levels and vault maps discovered:
D:1:      saegor_arrival_fortress, layout_rooms, shapermc_ecumenical_altar_petra
D:2:      layout_loops_ring, serial_shops, shop, shop
D:3:      layout_basic, nicolae_tso_carved_into_rock, chequers_jeans,
          uniq_sigmund

Skill      XL: |  1  2  3 |
---------------+----------+-----
Unarmed Combat | 2 |  2.7
Armour         | 3 |  3.1
Shields        | 3 |  3.1
Fighting       | |  3.3
Dodging        | |  0.3

Action                   || total
-------------------------++-------
Melee: Unarmed           ||   199
Throw: Dart              ||     2
  Use: Scroll            ||     3
Armor: Scale mail        ||    95
Dodge: Dodged            ||    79
Block: Buckler           ||    55
       Reflection        ||     2

Table legend: (Time is in decaauts)
 A = Elapsed time spent in this place.
 B = Non-inter-level travel time spent in this place.
 C = Inter-level travel time spent in this place.
 D = Time resting spent in this place.
 E = Time spent auto-exploring this place.
 F = Levels seen in this place.
 G = Mean time per level.
                   A        B        C        D        E       F      G
               +--------+--------+--------+--------+--------+-----+--------+
         Total |   1817 |   1806 |     11 |    706 |    622 |   3 |  605.7 |
       Dungeon |   1817 |   1806 |     11 |    706 |    622 |   3 |  605.7 |
               +--------+--------+--------+--------+--------+-----+--------+

Top non-repeatable levels by time:
     D:1: 1017 daAuts
     D:2: 632 daAuts
     D:3: 168 daAuts
